AoeStats
← Tanana

Nomad

506900639Analyzed
4v4 RM · 16d ago on Sep 15, 2026· 29m 13s· 8 players
Game mode
Random Map
Map size
231×231
Population
200
Speed
Normal
Resources
Standard
Victory
Conquest
Starting age
Dark Age
Ending age
Imperial Age
RankedLock teamsTeams togetherTeam positionsShared explorationLock speedFull tech treeHidden civsTurbo modeCheats
Victory
Defeat
🇨🇭 Bulgarians · Switzerland
1365
+16
🇪🇸 Inca · Spain
1331
+17
🇲🇽 Spanish · Mexico
1319
+18
🇮🇱 Burgundians · Israel
1305
+18
🇩🇪 Magyars · Germany
1407
-19
🇩🇪 Persians · Germany
1343
-17
🇩🇪 Vietnamese · Germany
1342
-17
🇩🇪 Italians · Germany
1339
-16
dani_r_n
4:09 Loom
14:18 Feudal Age
15:06 Town Watch
15:48 Double-Bit Axe
18:13 Castle Age
22:59 Horse Collar
Reis
6:02 Loom
14:08 Feudal Age
18:47 Castle Age
18:38 Fletching
19:29 Bodkin Arrow
19:40 Fishing Lines
22:12 Forging
22:08 Scale Barding Armor
28:53 Chain Barding Armor
Maninthemiddle
5:04 Loom
12:47 Feudal Age
16:59 Castle Age
15:52 Double-Bit Axe
16:29 Gold Mining
16:32 Stone Mining
18:59 Bow Saw
18:52 Fletching
23:24 Horse Collar
27:01 Bodkin Arrow
27:42 Padded Archer Armor
28:20 Wheelbarrow
Glorious
5:17 Loom
11:54 Double-Bit Axe
15:17 Feudal Age
14:02 Fishing Lines
16:46 Bow Saw
16:28 Gillnets
19:11 Castle Age
21:30 Two-Man Saw
22:00 Scale Barding Armor
22:14 Guilds
21:49 Horse Collar
22:26 Forging
22:31 Heavy Plow
22:51 Stone Mining
24:13 Crop Rotation
24:06 Chain Barding Armor
25:14 Wheelbarrow
25:00 Gold Mining
25:47 Stone Shaft Mining
25:13 Cavalier
26:09 Husbandry
29:06 Hand Cart
Fürst Zono
3:16 Loom
12:47 Feudal Age
16:44 Castle Age
15:41 Double-Bit Axe
17:47 Bow Saw
19:16 Fletching
I still love Koreans
6:23 Loom
13:00 Feudal Age
16:34 Castle Age
15:36 Double-Bit Axe
17:22 Wheelbarrow
16:44 Fletching
17:47 Forging
19:01 Medium Warships
20:06 Iron Casting
19:28 Town Watch
20:06 Careening
21:35 Fishing Lines
26:48 Gillnets
28:35 Horse Collar
I still hate Goths
3:04 Loom
13:00 Feudal Age
17:18 Castle Age
15:08 Double-Bit Axe
16:41 Scale Barding Armor
17:36 Horse Collar
21:24 Bloodlines
21:53 Forging
22:18 Fletching
25:06 Husbandry
Tanana
5:51 Loom
13:48 Feudal Age
18:28 Castle Age
17:17 Double-Bit Axe
17:14 Horse Collar
19:22 Bow Saw
19:26 Elite Skirmisher
22:36 Fletching
Connection lost

Rejoining the realm…

Still unreachable

The connection could not be restored.

Session expired

The server has moved on; the page needs a fresh start.